 Dungeon Crawl Stone Soup version 0.32-a0-996-gb3226c233f (console) character file.

Game seed: 13735176911015863990

82 petzl the Sneak (level 4, 0/35 HPs)
             Began as a Formicid Delver on Apr 23, 2024.
             Slain by an ufetubus (2 damage)
             ... on level 7 of the Dungeon.
             The game lasted 00:07:17 (831 turns).

petzl the Sneak (Formicid Delver)                    Turns: 831, Time: 00:07:18

Health: 0/35       AC:  3    Str: 16    XL:     4   Next: 70%
Magic:  9/9        EV: 11    Int: 12    God:
Gold:   3          SH:  0    Dex: 15    Spells: 10/10 levels left

rFire   . . .        a - +0 dagger (venom) {!f =f}
rCold   . . .        (no shield)
rNeg    . . .        b - +0 leather armour
rPois   .            (helmet unavailable)
rElec   .            (no cloak)
rCorr   .            (no gloves)
SInv    +            (no boots)
Will    .....        (no amulet)
Stlth   +++          h - ring of flight
HPRegen 0.25/turn    (no ring)
MPRegen 0.11/turn

%: no passive effects
@: marked, flying
A: permanent stasis, dig shafts and tunnels, antennae 3, four strong arms
a: Dig, Shaft Self


You were on level 7 of the Dungeon.
You visited 1 branch of the dungeon, and saw 4 of its levels.

You collected 3 gold pieces.

Inventory:

Hand Weapons
 a - a +0 dagger of venom (weapon) {!f =f}
Missiles
 g - 5 boomerangs (quivered)
Armour
 b - a +0 leather armour (worn)
Jewellery
 h - a ring of flight (left hand)
Wands
 f - a wand of digging (3)
Scrolls
 c - a scroll of fog
 d - a scroll of revelation
 e - a scroll of fear
 i - a scroll of noise {unknown}
 j - a scroll of identify {unknown}


   Skills:
 - Level 3.2 Fighting
 - Level 2.0 Maces & Flails
 - Level 1.7 Dodging
 - Level 6.0 Stealth
 + Level 3.9 Spellcasting


You had 10 spell levels left.
You didn't know any spells.
Your spell library was empty.

Dungeon Overview and Level Annotations

Branches:
Dungeon (6/15)
 Temple: D:4-7

Altars:

Annotations:
D:6 exclusion: centaur


Innate Abilities, Weirdness & Mutations

You cannot be hasted, slowed, berserked, paralysed or teleported.
You can dig through walls and to a lower floor.
You have a pair of large antennae on your head. (SInv)
Your four strong arms can wield two-handed weapons with a shield.


Message History

The ufetubus is lightly wounded.
The ufetubus closely misses you. The ufetubus hits you.
The ufetubus barely misses you. The ufetubus hits you.
You hit the ufetubus.
The ufetubus is poisoned.
The ufetubus is moderately wounded.
An ufetubus comes into view.
The ufetubus barely misses you.
The ufetubus hits you but does no damage.
The ufetubus closely misses you. The ufetubus hits you.
The ufetubus closely misses you. The ufetubus completely misses you.
The ufetubus closely misses you. The ufetubus barely misses you.
You closely miss the ufetubus.
The ufetubus is moderately wounded.
The ufetubus hits you. The ufetubus closely misses you. x2
The ufetubus misses you.
A bullfrog comes into view.
Unknown command.
You miss the ufetubus.
The ufetubus is heavily wounded.
You kill the ufetubus!
The ufetubus barely misses you. The ufetubus hits you. x3
The ufetubus hits you but does no damage.
The ufetubus hits you.
* * * LOW HITPOINT WARNING * * *
Unknown command.
Are you sure you want to shaft yourself?
The ufetubus closely misses you. The ufetubus hits you.
* * * LOW HITPOINT WARNING * * *
The ufetubus hits you.
* * * LOW HITPOINT WARNING * * *
The ufetubus hits you.
* * * LOW HITPOINT WARNING * * *
You begin to dig a shaft.
You continue digging a shaft.
The ufetubus misses you. The ufetubus closely misses you. x2
The ufetubus hits you but does no damage.
The ufetubus barely misses you. The ufetubus hits you.
* * * LOW HITPOINT WARNING * * *
The ufetubus hits you but does no damage.
The ufetubus hits you.
You die...

### ,#
##.####.#
#....{.#
##.####{#
#.# # #5#
{ #5# #@#
#5# #F#
#5# #F#
#.# #5#
...


You could see 2 bullfrogs and 5 ufetubi.

Vanquished Creatures
  A scorpion (D:4)
  An adder (D:5)
  An ufetubus (D:7)
  2 dart slugs
  A ribbon worm (D:4)
  2 orcs (D:6)
8 creatures vanquished.

Notes
Turn   | Place    | Note
-------+----------+-------------------------------------------
     0 | D:5      | petzl the Formicid Delver began the quest for the Orb.
     0 | D:5      | Reached XP level 1. HP: 18/18 MP: 1/1
   177 | D:5      | Reached skill level 1 in Spellcasting
   177 | D:5      | Reached XP level 2. HP: 24/24 MP: 2/4
   187 | D:5      | Noticed an ice beast
   516 | D:4      | Reached XP level 3. HP: 27/28 MP: 6/6
   554 | D:4      | Noticed a scorpion
   564 | D:4      | Killed a scorpion
   565 | D:4      | Reached XP level 4. HP: 27/35 MP: 6/9
   602 | D:4      | Noticed a lemure
   603 | D:4      | Noticed a lemure
   603 | D:4      | Noticed a lemure
   638 | D:4      | You are sucked into a shaft and drop 2 floors!
   678 | D:6      | Noticed a centaur
   709 | D:6      | Noticed a phantom
   735 | D:6      | You are sucked into a shaft and drop 1 floor!
   822 | D:7      | Noticed a bullfrog
   828 | D:7      | Noticed a bullfrog
   831 | D:7      | Slain by an ufetubus

Illustrated notes

Levels and vault maps discovered:
D:4:      layout_basic, minmay_temple_entry_large_hall,
          amcnicky_mini_corridor_feature, kennysheep_diamond, minivault_23,
          minmay_misc_feat_tower, uniq_pikel
D:5:      black_bear_nest_1, layout_gridville, nicolae_overflow_two_pavilions,
          serial_shops, nicolae_inconvenience_store, serial_glass,
          glass_columns_c, glass_columns_c
D:6:      layout_gridville, amethyst_overflow_temple_binary
D:7:      layout_loops_ring, mainiacjoe_overflow_big_doors

Skill      XL: |  1  2  3 |
---------------+----------+-----
Spellcasting   | 1 2 3 |  3.9
Fighting       | |  3.2
Maces & Flails | |  2.0
Dodging        | |  1.7
Stealth        | |  6.0

Action                     |  1- 3 |  4- 6 || total
---------------------------+-------+-------++-------
  Melee: Mace              |    15 |       ||    15
         Dagger            |    10 |    11 ||    21
  Throw: Boomerang         |     2 |     2 ||     4
Ability: Dig               |     1 |       ||     1
         Shaft Self        |       |     3 ||     3
   Stab: Sleeping          |     1 |       ||     1
 Armour: Leather armour    |    14 |    36 ||    50
  Dodge: Dodged            |    13 |    31 ||    44

Table legend: (Time is in decaauts)
 A = Elapsed time spent in this place.
 B = Non-inter-level travel time spent in this place.
 C = Inter-level travel time spent in this place.
 D = Time resting spent in this place.
 E = Time spent auto-exploring this place.
 F = Levels seen in this place.
 G = Mean time per level.
                   A        B        C        D        E       F      G
               +--------+--------+--------+--------+--------+-----+--------+
         Total |    837 |    837 |      0 |    276 |    117 |   4 |  209.2 |
       Dungeon |    837 |    837 |      0 |    276 |    117 |   4 |  209.2 |
               +--------+--------+--------+--------+--------+-----+--------+

Top non-repeatable levels by time:
     D:6: 313 daAuts
     D:4: 293 daAuts
     D:5: 135 daAuts
     D:7: 95 daAuts
